 Dungeon Crawl Stone Soup version 0.32-a0-918-g0f22ef8d61 (webtiles) character file.

Game seed: 2003702468074038401

410 HilariousDeathArtist the Changeling (level 7, -4/50 HPs)
             Began as a Formicid Shapeshifter on Apr 10, 2024.
             Killed by a malign offering
             ... invoked by a burial acolyte
              (9 damage)
             ... in an ossuary.
             The game lasted 00:04:42 (2852 turns).

HilariousDeathArtist the Changeling (FoSh)          Turns: 2852, Time: 00:04:42

Health: -4/50      AC:  0    Str: 21    XL:     7   Next: 13%
Magic:  7/7        EV: 15    Int:  9    God:
Gold:   175        SH:  0    Dex: 13    Spells: 6/6 levels left

rFire   . . .        a - melded +2 whip (venom)
rCold   . . .        (shield currently unavailable)
rNeg    . . .        f - melded +0 animal skin
rPois   .            (helmet unavailable)
rElec   .            (no cloak)
rCorr   .            (no gloves)
SInv    +            (no boots)
Will    .....        (no amulet)
Stlth   +            (no ring)
HPRegen 0.28/turn    (no ring)
MPRegen 0.10/turn

%: no passive effects
@: flux-form, glowing
A: glow, contaminating, permanent stasis, dig shafts and tunnels, antennae 3,
four strong arms
a: Dig, Begin Untransformation


You were in an ossuary.
You were something dangerously unstable.
You visited 1 branch of the dungeon, and saw 4 of its levels.
You also visited: Ossuary.

You collected 175 gold pieces.

Inventory:

Hand Weapons
 a - a +2 whip of venom (melded)
   (You took it off a kobold on level 4 of the Dungeon)
 g - a +0 short sword of draining
   (You found it on level 1 of the Dungeon)
 k - a +0 dagger of venom
   (You found it on level 2 of the Dungeon)
 q - a +1 mace of draining
   (You found it on level 1 of the Dungeon)
Missiles
 i - 11 poisoned darts
 s - 31 stones
Armour
 f - a +0 animal skin (melded)
Talismans
 c - a beast talisman
 d - a flux talisman (active)
 u - a blade talisman
   (You found it on level 3 of the Dungeon)
Wands
 p - a wand of paralysis (9)
   (You found it on level 4 of the Dungeon)
Scrolls
 j - a scroll of enchant armour {unknown}
 l - 2 scrolls of identify {@r1}
 m - a scroll of blinking {unknown}
 o - 2 scrolls of noise {unknown}
 r - a scroll of immolation {unknown}
 t - a scroll of fog
 V - a scroll of vulnerability {!r!r}
 Z - a scroll of teleportation {unknown}
Potions
 b - 2 potions of brilliance {unknown}
 e - a potion of degeneration {unknown}
 h - a potion of enlightenment {unknown}
 n - a potion of invisibility {unknown}
 v - a potion of magic {unknown}
 x - a potion of curing {unknown}
 H - a potion of haste
 P - 2 potions of lignification {!q}


   Skills:
 + Level 2.1 Fighting
 - Level 1.7 Dodging
 + Level 3.4 Unarmed Combat
 * Level 7.2 Shapeshifting


You had 6 spell levels left.
You didn't know any spells.
Your spell library contained the following spells:

 Spells                   Type           Power      Damage    Failure   Level
 Dazzling Flash           Conj/Hex       0%         N/A       77%         3
 Mephitic Cloud           Conj/Alch/Air  0%         N/A       77%         3
 Volatile Blastmotes      Fire/Tloc      0%         2d10      77%         3
 Fulminant Prism          Conj/Alch      0%         3d5       99%         4
 Iskenderun's Mystic Bla Conj/Tloc 0%             2d3        (+2d1     99%         4
 Curse of Agony           Necr           0%         N/A       100%        5
 Silence                  Hex/Air        0%         N/A       100%        5


Dungeon Overview and Level Annotations

Branches:
Dungeon (4/15)            Ossuary (1/1)
 Temple: D:4-7

Altars:
Uskayaw

Annotations:
Ossuary 6 runed translucent doors


Innate Abilities, Weirdness & Mutations

You are something dangerously unstable.
You glow with magical radiation, making you easy to see and hit.
Foes you strike become dangerously contaminated with magical radiation.
You are incapable of wielding weapons or throwing items.
You cannot be hasted, slowed, berserked, paralysed or teleported.
You can dig through walls and to a lower floor.
You have a pair of large antennae on your head. (SInv)
Your four strong arms can wield two-handed weapons with a shield.


Message History

You hit the human zombie.
The human zombie glows dangerously bright.
The human zombie hits you.
You hit the human zombie.
The human zombie shudders as magic cascades through it!!
The human zombie hits you.
You take 4 damage, and have 33/49 hp.
A human zombie is nearby!
A human zombie is nearby!
You barely miss the human zombie. The human zombie hits you.
You take 1 damage, and have 32/49 hp.
You hit the human zombie.
The human zombie begins to glow.
You hit the human zombie.
The human zombie glows dangerously bright.
The human zombie closely misses you.
You hit the human zombie but do no damage.
The human zombie shudders as magic cascades through it!!
You destroy the human zombie!
Your Fighting skill increases to level 2!
No target in view!
No target in view!
You sense a monster nearby.
There is a huge open translucent gate here.
Health restored: 50 You sense a monster nearby.
No target in view!
No target in view!
No target in view!
The burial acolyte shouts!
You now have 175 gold pieces (gained 9).
You open the huge gate.
The burial acolyte drones a funeral chant.
The adder zombie is empowered.
The mummy is empowered.
You closely miss the adder zombie. The adder zombie barely misses you.
The adder zombie misses you.
There is a huge open translucent gate here.
The mummy no longer looks unusually strong.
The mummy is no longer moving quickly.
The adder zombie no longer looks unusually strong.
The adder zombie is no longer moving quickly.
The adder zombie attacks as it pursues you!
The adder zombie bites you.
You take 3 damage, and have 47/50 hp.
You hit the adder zombie.
The adder zombie begins to glow.
The adder zombie misses you.
You hit the adder zombie.
The adder zombie glows dangerously bright.
The adder zombie completely misses you.
You hit the adder zombie.
The adder zombie shudders as magic cascades through it!!
You destroy the adder zombie!
The burial acolyte misses you.
You hit the burial acolyte but do no damage.
The burial acolyte begins to glow.
The burial acolyte hits you with a +0 dagger.
You take 4 damage, and have 44/50 hp.
You completely miss the burial acolyte.
The burial acolyte recites a funeral chant.
The mummy is empowered.
You hit the burial acolyte but do no damage.
The burial acolyte glows dangerously bright.
The burial acolyte barely misses you. The mummy hits you!
You take 15 damage, and have 30/50 hp.
MASSIVE DAMAGE!!
You barely miss the mummy.
The burial acolyte completely misses you.
You barely miss the mummy. The mummy closely misses you.
The burial acolyte hits you with a +0 dagger.
You take 2 damage, and have 28/50 hp.
You hit the mummy.
The mummy begins to glow.
The burial acolyte closely misses you.
You barely miss the mummy.
The mummy no longer looks unusually strong.
The mummy is no longer moving quickly.
The mummy hits you.
The burial acolyte utters a dark prayer and points at you.
Your life force is offered up.
* * * LOW HITPOINT WARNING * * *
The mummy is healed.
You take 14 damage, and have 14/50 hp.
MASSIVE DAMAGE!!
You hit the mummy.
The mummy glows dangerously bright.
The mummy barely misses you.
You hit the mummy.
The mummy shudders as magic cascades through it!
The burial acolyte misses you.
You hit the mummy.
The mummy begins to glow.
The burial acolyte drones a funeral chant.
The mummy is empowered.
The mummy barely misses you.
You hit the mummy.
You destroy the mummy!
The burial acolyte utters a dark prayer and points at you.
Your life force is offered up.
* * * LOW HITPOINT WARNING * * *
You take 10 damage, and have 5/50 hp.
Unknown command.
You hit the burial acolyte.
The burial acolyte glows dangerously bright.
The burial acolyte utters a dark prayer and points at you.
Your life force is offered up.
You die...

..+...+
.+...+ +.?.+
{
#####$#$#####
#...'...'...#
##..'''''..##
#...'...'...#
#####$..#####
#...'...'..p#
##..'...'.p##
#...'...'...#
##..'...'..##
#...'''''...#
#####...#####
#...# ##...##
##.....##


You could see a burial acolyte (heavy contam).

Vanquished Creatures
  A black bear (D:4)
  An elf zombie (Ossuary)
  A bombardier beetle (D:4)
  A hound (D:4)
  A human zombie (Ossuary)
  Terence (D:2)
  A mummy (Ossuary)
  4 gnolls
  4 adders
  An adder zombie (Ossuary)
  An orc (D:4)
  3 bats
  6 endoplasms
  2 giant cockroaches
  2 goblins (D:2)
  2 hobgoblins
  2 jackals (D:4)
  3 quokkas
  7 ball pythons
  2 frilled lizards
  5 kobolds
  A kobold zombie (Ossuary)
  4 rats
56 creatures vanquished.

Notes
Turn   | Place    | Note
-------+----------+-------------------------------------------
     0 | D:1      | HilariousDeathArtist the Formicid Shapeshifter began the
                  | quest for the Orb.
     0 | D:1      | Reached XP level 1. HP: 15/15 MP: 1/1
   267 | D:1      | Reached XP level 2. HP: 15/21 MP: 2/2
   618 | D:2      | Reached skill level 4 in Shapeshifting
   618 | D:2      | Reached XP level 3. HP: 13/26 MP: 3/3
   991 | D:2      | Noticed Terence
  1002 | D:2      | Killed Terence
  1003 | D:2      | Reached XP level 4. HP: 16/32 MP: 4/4
  1427 | D:3      | Reached skill level 5 in Shapeshifting
  1774 | D:3      | Reached XP level 5. HP: 24/37 MP: 5/5
  2342 | D:4      | Found a hide-covered altar of Uskayaw.
  2455 | D:4      | HP: 8/37 [hound (5)]
  2462 | D:4      | Reached skill level 6 in Shapeshifting
  2462 | D:4      | Reached XP level 6. HP: 21/43 MP: 6/6
  2644 | D:4      | Noticed a black bear
  2650 | D:4      | Killed a black bear
  2708 | D:4      | Found a sand-covered staircase.
  2717 | Ossuary  | Entered an ossuary
  2717 | Ossuary  | Found a huge runed translucent gate.
  2717 | Ossuary  | Found a huge runed translucent gate.
  2717 | Ossuary  | Found a huge runed translucent gate.
  2717 | Ossuary  | Found a huge runed translucent gate.
  2717 | Ossuary  | Found a huge runed translucent gate.
  2717 | Ossuary  | Found a huge runed translucent gate.
  2717 | Ossuary  | Found a huge runed translucent gate.
  2717 | Ossuary  | Found a huge runed translucent gate.
  2717 | Ossuary  | Found a huge runed translucent gate.
  2723 | Ossuary  | Found a huge runed translucent gate.
  2723 | Ossuary  | Found a huge runed translucent gate.
  2724 | Ossuary  | Found a huge runed translucent gate.
  2724 | Ossuary  | Found a huge runed translucent gate.
  2726 | Ossuary  | Found a huge runed translucent gate.
  2726 | Ossuary  | Found a huge runed translucent gate.
  2742 | Ossuary  | HP: 6/42 [elf zombie (7)]
  2748 | Ossuary  | Reached skill level 7 in Shapeshifting
  2748 | Ossuary  | Reached XP level 7. HP: 20/49 MP: 7/7
  2767 | Ossuary  | Reached skill level 2 in Fighting
  2825 | Ossuary  | Found a huge runed translucent gate.
  2825 | Ossuary  | Found a huge runed translucent gate.
  2825 | Ossuary  | Found a huge runed translucent gate.
  2825 | Ossuary  | Found a huge runed translucent gate.
  2825 | Ossuary  | Found a huge runed translucent gate.
  2826 | Ossuary  | Found a huge runed translucent gate.
  2826 | Ossuary  | Found a huge runed translucent gate.
  2828 | Ossuary  | Found a huge runed translucent gate.
  2828 | Ossuary  | Found a huge runed translucent gate.
  2829 | Ossuary  | Found a huge runed translucent gate.
  2829 | Ossuary  | Found a huge runed translucent gate.
  2830 | Ossuary  | Found a huge runed translucent gate.
  2830 | Ossuary  | Found a huge runed translucent gate.
  2851 | Ossuary  | HP: 5/50 [burial acolyte/a malign offering (10)]
  2852 | Ossuary  | Killed from afar by a burial acolyte

Illustrated notes

Levels and vault maps discovered:
D:1:      dpeg_arrival_leaves_temple_mockup, layout_rooms
D:2:      layout_loops_ring, minmay_pentomino_v2, uniq_terence
D:3:      layout_loops_corners, minmay_misc_feat_secret_circle
D:4:      layout_loops_ring, nicolae_uskayaw_dance_hall,
          mainiacjoe_ossuary_entry_dusty_tomb, minmay_puff, uniq_ijyb
Ossuary:  minmay_ossuary_gauntlet

Skill      XL: |  1  2  3  4  5  6  7 |
---------------+----------------------+-----
Shapeshifting  | 4 5 6 7 |  7.2
Fighting       | 2 |  2.1
Dodging        | |  1.7
Unarmed Combat | |  3.4

Action                     |  1- 3 |  4- 6 |  7- 9 || total
---------------------------+-------+-------+-------++-------
  Melee: Unarmed           |    18 |    17 |    31 ||    66
         Mace              |    43 |    49 |       ||    92
         Whip              |       |    15 |       ||    15
  Throw: Stone             |     3 |       |       ||     3
Ability: Dig               |       |     1 |       ||     1
    Use: Potion            |       |     3 |       ||     3
         Scroll            |       |     2 |       ||     2
   Stab: Sleeping          |       |     2 |       ||     2
 Armour: Animal skin       |    38 |    47 |       ||    85
         Skin              |       |    15 |    13 ||    28
  Dodge: Dodged            |    42 |    60 |    23 ||   125
   Form: Flux              |       |     1 |       ||     1

Table legend: (Time is in decaauts)
 A = Elapsed time spent in this place.
 B = Non-inter-level travel time spent in this place.
 C = Inter-level travel time spent in this place.
 D = Time resting spent in this place.
 E = Time spent auto-exploring this place.
 F = Levels seen in this place.
 G = Mean time per level.
                   A        B        C        D        E       F      G
               +--------+--------+--------+--------+--------+-----+--------+
         Total |   2885 |   2793 |     92 |     25 |   2117 |   5 |  577.0 |
       Dungeon |   2753 |   2661 |     92 |     25 |   2054 |   4 |  688.2 |
       Ossuary |    131 |    131 |      0 |      0 |     63 |   1 |  131.0 |
               +--------+--------+--------+--------+--------+-----+--------+

Top non-repeatable levels by time:
     D:3: 979 daAuts
     D:2: 828 daAuts
     D:1: 526 daAuts
     D:4: 420 daAuts
 Ossuary: 131 daAuts

Levels and vault maps discovered:
D:1:      dpeg_arrival_leaves_temple_mockup, layout_rooms
D:2:      layout_loops_ring, minmay_pentomino_v2, uniq_terence
D:3:      layout_loops_corners, minmay_misc_feat_secret_circle
D:4:      layout_loops_ring, nicolae_uskayaw_dance_hall,
          mainiacjoe_ossuary_entry_dusty_tomb, minmay_puff, uniq_ijyb
Ossuary:  minmay_ossuary_gauntlet

Table legend: (Time is in decaauts)
 A = Elapsed time spent in this place.
 B = Non-inter-level travel time spent in this place.
 C = Inter-level travel time spent in this place.
 D = Time resting spent in this place.
 E = Time spent auto-exploring this place.
 F = Levels seen in this place.
 G = Mean time per level.
                   A        B        C        D        E       F      G
               +--------+--------+--------+--------+--------+-----+--------+
         Total |   2885 |   2793 |     92 |     25 |   2117 |   5 |  577.0 |
       Dungeon |   2753 |   2661 |     92 |     25 |   2054 |   4 |  688.2 |
       Ossuary |    131 |    131 |      0 |      0 |     63 |   1 |  131.0 |
               +--------+--------+--------+--------+--------+-----+--------+

Top non-repeatable levels by time:
     D:3: 979 daAuts
     D:2: 828 daAuts
     D:1: 526 daAuts
     D:4: 420 daAuts
 Ossuary: 131 daAuts

Table legend:
 A = Kills in this place as a percentage of kills in the entire game.
 B = Kills by you in this place as a percentage of kills by you in the entire game.
 C = Kills by friends in this place as a percentage of kills by friends in the entire game.
 D = Other kills in this place as a percentage of other kills in the entire game.
 E = Experience gained in this place as a percentage of experience gained in the entire game.
 F = Experience gained in this place divided by the number of levels of this place that you have seen.
                   A       B       C       D       E      F
               +-------+-------+-------+-------+-------+----------------------
         Total | 100.0 | 100.0 |   N/A |   N/A | 100.0 | 117.4
       Dungeon |  91.1 |  91.1 |   N/A |   N/A |  72.9 | 107.0
       Ossuary |   8.9 |   8.9 |   N/A |   N/A |  27.1 | 159.0
               +-------+-------+-------+-------+-------+----------------------
